 Dungeon Crawl Stone Soup version 0.22-a0-77-g0fd0111 (webtiles) character file.

118 oplop the Chiller (level 5, -4/33 HPs)
             Began as an Octopode Ice Elementalist on Jan 14, 2018.
             Slain by an orc
             ... wielding a +0 trident
              (5 damage)
             ... on level 4 of the Dungeon.
             The game lasted 00:05:08 (3001 turns).

oplop the Chiller (Octopode Ice Elementalist)       Turns: 3001, Time: 00:05:09

Health: -4/33      AC:  6    Str:  8    XL:     5   Next: 2%
Magic:  9/9        EV: 14    Int: 18    God:
Gold:   141        SH:  0    Dex: 12    Spells: 6/10 levels left

rFire    . . .     SeeInvis .   f - +2 dagger (venom)
rCold    . . .     Gourm    .   (no shield)
rNeg     . . .     Faith    .   (helmet restricted)
rPois    .         Spirit   .   (no amulet)
rElec    .         Reflect  .   (no ring)
rCorr    .         Harm     .   (no ring)
MR       .....                  (no ring)
Stlth    +++.......             (no ring)
HPRegen  0.11/turn              (no ring)
MPRegen  0.11/turn              (no ring)
                                (no ring)
                                (no ring)

@: icy armour, hasted, very quick
A: almost no armour, stealthy swim, amphibious, 8 rings, constrict 8, camouflage
1, gelatinous body 1
a: no special abilities


You were on level 4 of the Dungeon.
You were not hungry.

You visited 1 branch of the dungeon, and saw 4 of its levels.

You collected 141 gold pieces.

Inventory:

Hand Weapons
 f - a +2 dagger of venom (weapon)
 g - a +0 short sword
 t - a +2 dagger of protection
Armour
 q - a +0 buckler
Jewellery
 s - an uncursed amulet of regeneration {unknown}
 v - a +2 ring of dexterity {unknown}
Scrolls
 c - 4 scrolls of teleportation {unknown}
 e - 2 scrolls of identify {unknown}
 j - 2 scrolls of magic mapping {unknown}
 l - 3 scrolls of remove curse {unknown}
 n - a scroll of noise {unknown}
 u - a scroll of blinking {unknown}
 w - a scroll of random uselessness {unknown}
Potions
 h - a potion of magic
 i - a potion of curing {unknown}
 k - a potion of lignification {unknown}
 m - a potion of heal wounds {unknown}
 o - a potion of resistance {unknown}
 p - a potion of mutation {unknown}
 r - a potion of degeneration {unknown}
Books
 a - a book of Frost

   Spells                             Type                      Level
   a - Freeze                         Ice                          1
   b - Throw Frost                    Conjuration/Ice              2
   c - Ozocubu's Armour               Charms/Ice                   3
   d - Throw Icicle                   Conjuration/Ice              4
   e - Summon Ice Beast               Ice/Summoning                4
Comestibles
 b - 8 rations


   Skills:
 + Level 1.4 Fighting
 + Level 2.7 Dodging
 - Level 2.6 Stealth
 * Level 3.1 Spellcasting
   Level 1.0 Conjurations
 * Level 4.0 Ice Magic


You had 6 spell levels left.
You knew the following spells:

 Your Spells              Type           Power        Failure   Level  Hunger
a - Freeze                Ice            ###.         3%          1    None
b - Ozocubu's Armour      Chrm/Ice       ##......     22%         3    ###....


Dungeon Overview and Level Annotations

Branches:
Dungeon (4/15)
 Temple: D:4-7

Altars:
Nemelex Xobeh

Annotations:
D:3 anet's ghost, amateur HaWz


Innate Abilities, Weirdness & Mutations

You cannot wear most types of armour.
You are very stealthy in the water. (Stealth+)
You are amphibious.
You can wear up to eight rings at the same time.
You can use your tentacles to constrict eight enemies at once.
Your skin changes colour to match your surroundings (Stealth+).
Your rubbery body absorbs attacks. (AC +1, EV +1)


Message History

You release your grip on the orc priest.
You kill the orc priest!
Your Ice Magic skill increases to level 4!
You have reached level 5!
You feel stronger. The frilled lizard closely misses you.
The frilled lizard misses you.
It was a potion of haste.
You feel yourself speed up.
The frilled lizard bites you but does no damage.
It was a potion of magic.
Magic courses through your body.
You hit the frilled lizard.
You kill the frilled lizard!
The orc hits you with a trident.
* * * LOW HITPOINT WARNING * * *
You barely miss the orc. You grab the orc.
You constrict the orc, but do no damage.
The orc hits you but does no damage.
You release your grip on the orc.
The orc hits you from afar with a trident.
You die...

#.. .# #.###.#...####
###.##.# ####.#
#...#..).#
#####......# #....#
###.#.#.##
#........<.# #.####
#.#.#..#
#.........#####.#
#.#.#.##
#....o....##....#
#.#.#..#
#......o..##.####
#.#.#.##
#....)######.#########
#...#.##
............ooo.@...>#
#......#
......#####.##o##.##.#
#.###### #.....#
#....# .# #.# #.....#
###### .. #.# #.....#
### #.# #....!# #.#
#.....# #.# #.....#
#.###### ###.###
#.##..<#


You could see 4 orcs.

Vanquished Creatures
  An orc priest (D:4)
  4 adders
  3 dart slugs
  4 leopard geckos
  4 orcs (D:3)
  2 giant cockroaches
  2 goblins
  2 hobgoblins (D:3)
  8 kobolds
  5 bats
  5 frilled lizards
  7 rats
47 creatures vanquished.

Notes
Turn   | Place    | Note
-------+----------+-------------------------------------------
     0 | D:1      | oplop the Octopode Ice Elementalist began the quest for the Orb.
     0 | D:1      | Reached XP level 1. HP: 11/11 MP: 3/3
   402 | D:1      | Reached XP level 2. HP: 10/17 MP: 5/5
   618 | D:1      | Found a sparkling altar of Nemelex Xobeh.
  1256 | D:2      | Reached XP level 3. HP: 22/22 MP: 6/6
  1341 | D:2      | Learned a level 3 spell: Ozocubu's Armour
  1619 | D:2      | Reached skill level 1 in Fighting
  1802 | D:3      | Reached XP level 4. HP: 28/28 MP: 8/8
  1936 | D:3      | Noticed anet's ghost (amateur HaWz)
  2986 | D:4      | Reached skill level 4 in Ice Magic
  2986 | D:4      | Reached XP level 5. HP: 6/33 MP: 4/9
  2999 | D:4      | HP: 1/33 [orc/trident (6)]
  3001 | D:4      | Slain by an orc

Vault maps used:
D:1:      dpeg_chamrin_arrival_tetris, nemelex_xobeh_ov_fountains_minmay
D:3:      st_stairs_12
D:4:      chequers_temple_overflow_minitemple, hangedman_decor_peaks_small,
          uniq_blork_the_orc, uniq_natasha, uniq_edmund, uniq_robin

Skill      XL: |  1  2  3  4 |
---------------+-------------+-----
Fighting       | 1 |  1.4
Spellcasting   | 3 |  3.1
Ice Magic      | 4 |  4.0
Dodging        | |  2.7
Stealth        | |  2.6
Conjurations   | |  1.0

Action                   |  1- 3 |  4- 6 || total
-------------------------+-------+-------++-------
Melee: Unarmed           |    20 |       ||    20
       Constrict         |    11 |    11 ||    22
       Tentacles         |     5 |     3 ||     8
       Dagger            |    23 |    30 ||    53
       Short sword       |     4 |       ||     4
 Cast: Freeze            |     8 |     3 ||    11
       Ozocubu's Armour  |       |     1 ||     1
  Use: Potion            |       |     2 ||     2
 Stab: Sleeping          |    14 |     3 ||    17
  Eat: Chunk             |     3 |     2 ||     5
       Ration            |       |     1 ||     1
Armor: Skin              |     4 |     4 ||     8
Dodge: Dodged            |    24 |    25 ||    49

Table legend:
 A = Spawn XP
 B = Non-spawn XP
 C = Spawn XP percentage of total XP
 D = Spawn monster count
 E = Non-spawn monster count
 F = Spawn count percentage of total count
 G = Total turns spent on level
                    A         B        C        D         E        F      G
               +---------+---------+-------+---------+---------+-------+---------
         Total |       0 |     169 |   0.0 |       0 |      47 |   0.0 |  3001
               +---------+---------+-------+---------+---------+-------+---------
           D:1 |       0 |      22 |   0.0 |       0 |      16 |   0.0 |  1100
           D:2 |       0 |      58 |   0.0 |       0 |      13 |   0.0 |   949
           D:3 |       0 |      50 |   0.0 |       0 |      16 |   0.0 |   572
           D:4 |       0 |      39 |   0.0 |       0 |       2 |   0.0 |   380
               +---------+---------+-------+---------+---------+-------+---------
